 Dungeon Sprint DCSS version 0.30-a0-737-gf23d94013f (webtiles) character file.

Game seed: 15140334872897946527

798 rocky1 the Tainter (level 7, -19/45 HPs)
             Began as an Octopode Venom Mage on Feb 3, 2023.
             Was an Initiate of Gozag.
             Killed from afar by an acid dragon (23 damage)
             ... with a splash of acid
             ... in the Dungeon (Sprint IX: "|||||||||||||||||||||||||||||").
             The game lasted 00:03:21 (304 turns).

rocky1 the Tainter (Octopode Venom Mage)             Turns: 304, Time: 00:03:22

Health: -19/45     AC: -1    Str:  7    XL:     7   Next: 90%
Magic:  12/18      EV: 15    Int: 22    God:    Gozag
Gold:   0          SH:  0    Dex: 13    Spells: 13/21 levels left

rFire   . . .      SeeInvis .    i - +2 morningstar (protect)
rCold   . . .      Faith    .    (no shield)
rNeg    . . .      Spirit   .    (helmet restricted)
rPois   .          Reflect  .    (no amulet)
rElec   .          Harm     .    j - +3 ring of intelligence
rCorr   .          Rampage  .    k - +2 ring of protection
Will    .....      NoTele   +    (no ring)
Stlth   ++++                     (no ring)
HPRegen 0.27/turn                (no ring)
MPRegen 0.16/turn                (no ring)
                                 (no ring)
                                 (no ring)

@: corroded, gold aura, invisible
A: almost no armour, amphibious, 8 rings, camouflage 1, gelatinous body 1,
(nimble swimmer 1), tentacles
a: Renounce Religion, Potion Petition, Call Merchant, Bribe Branch


You were in the Dungeon.
You worshipped Gozag.
Gozag was noncommittal.
You visited 1 branch

Inventory:

Hand Weapons
 i - a +2 morningstar of protection (weapon)
Jewellery
 j - a +3 ring of intelligence (left tentacle)
 k - a +2 ring of protection (right tentacle)
Wands
 h - a wand of iceblast (10)
Scrolls
 f - a scroll of blinking
 g - 2 scrolls of amnesia
Potions
 a - 4 potions of magic
 b - 3 potions of curing
 d - a potion of haste
 e - a potion of heal wounds


   Skills:
 + Level 2.5 Fighting
 + Level 2.4 Maces & Flails
 + Level 6.3 Dodging
 + Level 7.0 Stealth
 - Level 1.0 Unarmed Combat
 + Level 7.6 Spellcasting
 + Level 4.4 Transmutations
 + Level 13.5 Poison Magic


You had 13 spell levels left.
You knew the following spells:

 Your Spells              Type           Power      Damage    Failure   Level
a - Sting                 Tmut/Pois      100%       1d8       1%          1
b - Olgreb's Toxic Radia  Pois           62%        N/A       1%          4
c - Mephitic Cloud        Conj/Pois/Air  28%        N/A       3%          3

Your spell library contained the following spells:

 Spells                   Type           Power      Damage    Failure   Level
 Poisonous Vapours        Pois/Air       76%        N/A       1%          2


Dungeon Overview and Level Annotations

Branches:
Dungeon (1/1)

Altars:
Cheibriados
Dithmenos
Elyvilon
Fedhas
Gozag
Hepliaklqana
Kikubaaqudgha
Makhleb
Nemelex Xobeh
Okawaru
Qazlal
Ru
Sif Muna
Trog
Uskayaw
Vehumet
Wu Jian
Xom
Yredelemnul
Zin
The Shining One
Jiyva
Lugonu


Innate Abilities, Weirdness & Mutations

You cannot wear most types of armour.
You are amphibious.
You can wear up to eight rings at the same time.
Your skin changes colour to match your surroundings (Stealth+).
Your rubbery body absorbs attacks. (AC +1, EV +1)
((You are camouflaged when in or above water. (Stealth+)))
You have tentacles for arms and can constrict up to eight enemies at once.


Message History

The splash of acid hits the vampire mosquito!!
The acid corrodes the vampire mosquito!
The vampire mosquito is destroyed!
You catch the helpless acid dragon completely off-guard!
You hit the acid dragon.
The acid dragon is lightly wounded.
Your toxic aura wanes.
Items here: $ ) [[.
You see here a +0 helmet.
You see here a +0 plate armour.
The acid dragon roars!
The acid dragon closely misses you. The acid dragon claws you.
You see here 162 gold pieces.
You catch the helpless acid dragon completely off-guard!
You puncture the acid dragon!
Your weapon exudes an aura of protection.
Your squeeze misses the acid dragon.
The acid dragon is moderately wounded.
The acid dragon bites you. The acid dragon misses you.
You hit the acid dragon.
The acid dragon is heavily wounded.
The acid dragon misses you. x2
You completely miss the acid dragon.
You squeeze the acid dragon, but do no damage.
The acid dragon is heavily wounded.
The acid dragon spits acid at you. The splash of acid hits you!
* * * LOW HITPOINT WARNING * * *
The acid corrodes you!
You closely miss the acid dragon.
The acid dragon is heavily wounded.
The acid dragon closely misses you. The acid dragon completely misses you.
The acid dragon closely misses you. The acid dragon barely misses you.
You closely miss the acid dragon. Your squeeze misses the acid dragon.
The acid dragon is heavily wounded.
The acid dragon spits acid at you. The splash of acid hits you!!
Ouch! That really hurt!
You die...
Your body crumbles into a pile of gold.

▓'▓
$
▓.▓
$
▓.▓
$
▓)▓
$
▓.▓
$
▓$▓
▓[▓
$
▓[▓
▓@▓
$
▓D▓
▓$▓
$
▓.▓
$
▓.▓
$
▓.▓
$
▓.▓
$ $
▓.▓
$
▓.▓
$


You could see an acid dragon (unable to see you, catching breath).

Vanquished Creatures
  A kobold demonologist (D)
  A troll (D)
  A yak (D)
  A scorpion (D)
  A killer bee (D)
  An adder (D)
  2 white imps (D)
  An orc (D)
  A kobold (D)
  A ball python (D)
  A frilled lizard (D)
  2 rats (D)
14 creatures vanquished.

Vanquished Creatures (others)
  A vampire mosquito (D)
1 creature vanquished.

Grand Total: 15 creatures vanquished

Notes
Turn   | Place    | Note
-------+----------+-------------------------------------------
     0 | D        | rocky1 the Octopode Venom Mage began the quest for the Orb.
     0 | D        | Reached XP level 1. HP: 11/11 MP: 3/3
     9 | D        | Reached skill level 4 in Poison Magic
   146 | D        | Noticed a scorpion
   151 | D        | Killed a scorpion
   152 | D        | Reached skill level 7 in Poison Magic
   152 | D        | Reached XP level 2. HP: 2/17 MP: 1/6
   152 | D        | Reached XP level 3. HP: 3/21 MP: 1/8
   152 | D        | Reached XP level 4. HP: 4/27 MP: 1/9
   164 | D        | Reached skill level 1 in Unarmed Combat
   217 | D        | Found a snail-covered altar of Cheibriados.
   217 | D        | Found a shadowy altar of Dithmenos.
   217 | D        | Found a white marble altar of Elyvilon.
   217 | D        | Found a blossoming altar of Fedhas.
   217 | D        | Found an opulent altar of Gozag.
   218 | D        | Found a hazy altar of Hepliaklqana.
   219 | D        | Found a viscous altar of Jiyva.
   220 | D        | Found an ancient bone altar of Kikubaaqudgha.
   221 | D        | Found a corrupted altar of Lugonu.
   222 | D        | Found a burning altar of Makhleb.
   223 | D        | Found a sparkling altar of Nemelex Xobeh.
   224 | D        | Found an iron altar of Okawaru.
   225 | D        | Became a worshipper of Gozag Ym Sagoz the Greedy
   226 | D        | Found a stormy altar of Qazlal.
   227 | D        | Found a sacrificial altar of Ru.
   228 | D        | Found a shimmering blue altar of Sif Muna.
   229 | D        | Found a bloodstained altar of Trog.
   230 | D        | Found a hide-covered altar of Uskayaw.
   231 | D        | Found a radiant altar of Vehumet.
   232 | D        | Found an ornate altar of the Wu Jian Council.
   233 | D        | Found a shimmering altar of Xom.
   234 | D        | Found a basalt altar of Yredelemnul.
   235 | D        | Found a glowing silver altar of Zin.
   236 | D        | Found a glowing golden altar of the Shining One.
   242 | D        | Learned a level 4 spell: Olgreb's Toxic Radiance
   275 | D        | Learned a level 3 spell: Mephitic Cloud
   275 | D        | Noticed a troll
   275 | D        | Noticed a kobold demonologist
   275 | D        | Noticed a yak
   275 | D        | Noticed a vampire mosquito
   275 | D        | Noticed an acid dragon
   280 | D        | Reached skill level 8 in Poison Magic
   280 | D        | Reached XP level 5. HP: 30/32 MP: 1/11
   283 | D        | Killed a troll
   284 | D        | Reached skill level 1 in Fighting
   284 | D        | Reached skill level 1 in Maces & Flails
   284 | D        | Reached skill level 5 in Dodging
   284 | D        | Reached skill level 11 in Poison Magic
   284 | D        | Reached XP level 6. HP: 23/39 MP: 2/15
   288 | D        | Killed a kobold demonologist
   289 | D        | Reached skill level 12 in Poison Magic
   289 | D        | Reached XP level 7. HP: 28/45 MP: 2/17
   290 | D        | Killed a yak
   291 | D        | Reached skill level 13 in Poison Magic
   294 | D        | Killed a vampire mosquito
   304 | D        | Killed from afar by an acid dragon

Illustrated notes

Levels and vault maps discovered:
D:        linesprint [early_d, line_temple, items_1, d_10, items_2, lair_1,
          lair_end, items_3, orc_1, orc_end, items_4, d_15, swamp_1, shoals_1,
          snake_1, spider_1, d_20, vaults_1, items_5, swamp_end, shoals_end,
          snake_end, spider_end, vaults_end, d_27, items_6, zot_1, zot_end,
          crypt_end, forest_end, elf_end, slime_end, tomb_end, abyss_end,
          pan_hell_end]

Skill      XL: |  1  2  3  4  5  6  7 |
---------------+----------------------+-----
Poison Magic   | 7 8 11 12 13 | 13.5
Dodging        | 3 5 6 |  6.3
Stealth        | 4 6 7 |  7.0
Spellcasting   | 3 4 6 7 |  7.6
Transmutations | 2 3 4 |  4.4
Unarmed Combat | 1 |  1.0
Fighting       | 1 2 |  2.5
Maces & Flails | 1 2 |  2.4

Action                     |  1- 3 |  4- 6 |  7- 9 || total
---------------------------+-------+-------+-------++-------
  Melee: Unarmed           |    11 |     8 |       ||    19
         Constrict         |     4 |     4 |       ||     8
         Tentacles         |     1 |     3 |     1 ||     5
         Morningstar       |       |     2 |     7 ||     9
   Cast: Sting             |     4 |       |       ||     4
         Olgreb's Toxic Ra |       |     2 |     2 ||     4
    Use: Potion            |       |     4 |     3 ||     7
         Scroll            |       |     1 |       ||     1
   Stab: Invisible         |       |       |     2 ||     2
 Armour: Skin              |       |     1 |       ||     1
  Dodge: Dodged            |    12 |     5 |    12 ||    29

Table legend: (Time is in decaauts)
 A = Elapsed time spent in this place.
 B = Non-inter-level travel time spent in this place.
 C = Inter-level travel time spent in this place.
 D = Time resting spent in this place.
 E = Time spent auto-exploring this place.
 F = Levels seen in this place.
 G = Mean time per level.
                   A        B        C        D        E       F      G
               +--------+--------+--------+--------+--------+-----+--------+
         Total |    313 |    313 |      0 |    178 |      0 |   1 |  313.0 |
       Dungeon |    313 |    313 |      0 |    178 |      0 |   1 |  313.0 |
               +--------+--------+--------+--------+--------+-----+--------+

Top non-repeatable levels by time:
       D: 313 daAuts
